Map: Abyssal Reef LE

Players

MaNa - Winner!

  • Race: Protoss Protoss
  • Spawn Location: 5:00

MaSa

  • Race: Terran Terran
  • Spawn Location: 11:00

Event: WCS Austin 2017

VOD

Have the link to the VOD?

Description

Time

  • Played on: April 28, 2017, 6:12 p.m.
  • Length: 9:30

All games in this series

Show
View Real Time Build Order
Export as new Build Order

MaNa Protoss - Winner!

Build Orders: Oracle Opening 

Get SALT Encoding   

  12  0:01  Probe (Chrono Boost)  
  13  0:12  Probe (Chrono Boost)  
  14  0:17  Pylon  
  14  0:22  Probe (Chrono Boost)  
  15  0:36  Probe (Chrono Boost)  
  15  0:37  Gateway  
  16  0:46  Probe (Chrono Boost)  
  16  0:47  Assimilator  
  18  0:57  Probe (Chrono Boost)  
  18  0:58  Assimilator  
  18  1:07  Probe (Chrono Boost)  
  19  1:18  Probe (Chrono Boost)  
  20  1:25  Cybernetics Core  
  20  1:28  Probe (Chrono Boost)  
  20  1:30  Pylon  
  21  1:39  Probe (Chrono Boost)  
  22  1:46  Zealot  
  22  1:51  Probe (Chrono Boost)  
  25  2:03  Probe (Chrono Boost), Stargate  
  26  2:10  Adept  
  28  2:16  Probe (Chrono Boost)  
  29  2:31  Nexus  
  29  2:44  Pylon  
  29  2:47  Oracle  
  29  2:48  Probe (Chrono Boost)  
  28  3:02  Mothership Core (Chrono Boost)  
  30  3:08  Adept  
  32  3:20  Probe (Chrono Boost)  
  32  3:31  Probe (Chrono Boost)  
  33  3:37  Oracle  
  37  3:41  Probe (Chrono Boost)  
  37  3:44  Probe (Chrono Boost)  
  37  3:46  Pylon  
  38  3:51  Warp Gate  
  38  3:52  Probe (Chrono Boost)  
  38  3:54  Probe (Chrono Boost)  
  39  4:04  Probe (Chrono Boost)  
  39  4:05  Probe (Chrono Boost)  
  40  4:13  Twilight Council  
  40  4:14  Forge  
  40  4:16  Probe x2 (Chrono Boost)  
  42  4:21  Assimilator  
  42  4:28  Probe (Chrono Boost)  
  42  4:30  Assimilator, Probe (Chrono Boost)  
  44  4:33  Phoenix  
  46  4:40  Probe x2 (Chrono Boost)  
  48  4:52  Probe (Chrono Boost)  
  46  4:54  Protoss Ground Weapons Level 1  
  46  4:55  Probe (Chrono Boost)  
  47  5:02  Resonating Glaives  
  47  5:04  Probe (Chrono Boost)  
  48  5:08  Nexus  
  49  5:15  Probe (Chrono Boost)  
  49  5:16  Probe (Chrono Boost)  
  50  5:21  Gateway  
  50  5:27  Probe (Chrono Boost), Gateway  
  52  5:29  Probe (Chrono Boost)  
  52  5:34  Sentry  
  54  5:39  Probe (Chrono Boost)  
  54  5:41  Probe (Chrono Boost)  
  56  5:49  Phoenix  
  57  5:51  Probe (Chrono Boost)  
  57  5:53  Probe (Chrono Boost)  
  57  6:00  Gateway  
  57  6:02  Gateway  
  57  6:03  Probe (Chrono Boost)  
  59  6:05  Probe (Chrono Boost), Pylon  
  59  6:07  Gateway  
  59  6:10  Sentry  
  61  6:16  Phoenix  
  61  6:19  Pylon  
  63  6:28  Robotics Facility  
  65  6:34  Probe x2 (Chrono Boost)  
  65  6:35  Protoss Ground Armor Level 1  
  65  6:45  Adept x3  
  73  6:48  Probe x3 (Chrono Boost)  
  73  6:50  Phoenix  
  76  6:59  Pylon  
  76  7:00  Pylon  
  76  7:06  Adept x3  
  82  7:09  Adept  
  82  7:10  Adept  
  82  7:13  Probe (Chrono Boost)  
  82  7:14  Observer  
  87  7:15  Pylon, Phoenix  
  90  7:23  Adept  
  90  7:28  Probe x3 (Chrono Boost)  
  95  7:32  Pylon  
  95  7:34  Adept x2  
  95  7:35  Immortal  
  99  7:41  Phoenix  
  105  7:53  Adept x3  
  105  7:57  Adept x2  
  115  8:04  Adept  
  117  8:19  Observer  
  110  8:21  Adept x2  
  112  8:28  Probe x2 (Chrono Boost)  
  112  8:35  Adept x4  
  112  8:39  Probe (Chrono Boost)  
  112  8:40  Probe x2 (Chrono Boost)  
  111  8:51  Probe (Chrono Boost)  
  111  8:52  Probe x2 (Chrono Boost)  
  111  8:54  Adept x2  
  111  8:55  Adept x4  
  114  9:16  Stalker x6  
Show
View Real Time Build Order
Export as new Build Order

MaSa Terran 

Build Orders: Cyclone Opening, MMM Bio 

Get SALT Encoding   

  12  0:00  SCV  
  13  0:12  SCV  
  14  0:17  Supply Depot  
  14  0:25  SCV  
  15  0:39  SCV  
  15  0:42  Barracks  
  16  0:46  Refinery  
  16  0:51  SCV  
  16  0:56  Refinery  
  17  1:03  SCV  
  18  1:15  SCV  
  19  1:28  Reaper, Orbital Command  
  20  1:38  Supply Depot  
  20  1:45  Factory  
  20  1:55  Bunker  
  20  1:58  SCV  
  21  2:03  Marine  
  22  2:10  SCV  
  23  2:22  Marine, SCV  
  25  2:31  Cyclone  
  25  2:33  Starport  
  28  2:40  Marine  
  28  2:47  SCV  
  29  2:59  Supply Depot  
  29  3:12  SCV  
  30  3:21  Viking, Cyclone  
  30  3:22  Supply Depot  
  35  3:30  Command Center  
  35  3:32  SCV  
  35  3:44  SCV  
  33  3:57  SCV  
  33  4:00  Viking  
  35  4:04  Factory Tech Lab  
  35  4:09  SCV  
  36  4:11  Barracks  
  36  4:12  Barracks  
  36  4:16  Barracks Reactor  
  36  4:21  SCV  
  37  4:25  Siege Tank  
  40  4:32  Starport Tech Lab  
  40  4:33  SCV  
  41  4:43  Supply Depot  
  41  4:46  SCV  
  39  4:58  SCV  
  37  5:00  Raven  
  37  5:03  Barracks Reactor  
  40  5:10  SCV  
  40  5:13  Orbital Command  
  38  5:15  Marine x2  
  38  5:16  Marine  
  38  5:18  Stimpack  
  38  5:21  Widow Mine  
  41  5:22  SCV  
  44  5:33  Marine x3  
  44  5:34  SCV  
  48  5:39  SCV  
  45  5:46  SCV  
  42  5:51  Marine x3, SCV  
  42  5:52  Marine x2  
  48  5:58  SCV  
  48  6:00  Factory Reactor  
  48  6:03  SCV  
  50  6:08  Marine  
  50  6:09  Marine x2  
  50  6:10  Marine x2, SCV  
  56  6:11  Engineering Bay  
  56  6:13  Starport Reactor  
  56  6:19  SCV  
  56  6:22  SCV  
  56  6:25  Supply Depot  
  58  6:26  Marine x2  
  58  6:27  Marine  
  58  6:29  Marine  
  58  6:31  SCV  
  58  6:32  Marauder  
  65  6:34  SCV  
  65  6:38  Supply Depot  
  66  6:43  SCV  
  66  6:44  Marine x2  
  66  6:45  Terran Infantry Weapons Level 1, Marine  
  66  6:47  SCV  
  69  6:48  Marine  
  69  6:52  Medivac  
  69  6:53  Widow Mine, Marine  
  75  6:55  Widow Mine, SCV  
  75  6:59  Supply Depot  
  78  7:02  Marine  
  78  7:03  Supply Depot  
  78  7:06  Marine  
  78  7:07  Marine  
  81  7:10  SCV  
  81  7:11  Marine  
  81  7:13  Medivac  
  81  7:14  Marine  
  86  7:18  Refinery  
  86  7:19  Combat Shields  
  86  7:20  Refinery  
  86  7:22  Medivac  
  88  7:31  Supply Depot  
  88  7:33  SCV  
  89  7:39  SCV  
  89  7:41  Missile Turret  
  90  7:44  Command Center  
  90  7:45  SCV  
  90  7:47  Marine x3  
  90  7:49  Liberator, Marine  
  95  7:52  Marine  
  95  7:54  Widow Mine  
  95  7:56  SCV  
  96  8:00  SCV  
  96  8:04  Marine  
  96  8:05  Marine x2  
  97  8:12  Widow Mine  
  100  8:18  SCV  
  100  8:19  Marine x2  
  94  8:20  SCV  
  88  8:30  SCV  
  84  8:35  Marine x2, SCV  
  84  8:37  Marine x2  
  77  8:44  Marine  
  64  8:49  Widow Mine  
  64  8:53  Marine x2  
  64  8:54  SCV  
  67  8:56  Marine  
  62  9:07  Marine x2  
  58  9:11  Marine x2  
  58  9:12  SCV x2  
Tags
 
Add a new tag
Caveats
  • Supply blocks, unpowered buildings, or Contaminate may cause inaccurate times.
  • Supply counts are checked every 10 seconds.